 Dungeon Crawl Stone Soup version 0.27.1-3-gb3d3a73c9e (webtiles) character file.

Game seed: 11872167697633269000

7125 toffzen the Nimble (level 10, -3/82 HPs)
             Began as a Spriggan Berserker on Oct 7, 2021.
             Was an Elder of Trog.
             Slain by a manticore (11 damage)
             ... on level 8 of the Dungeon on Oct 8, 2021.
             The game lasted 00:23:50 (11843 turns).

toffzen the Nimble (Spriggan Berserker)            Turns: 11843, Time: 00:23:50

Health: -3/82      AC:  3    Str: 15    XL:     10   Next: 85%
Magic:  11/11      EV: 24    Int:  9    God:    Trog [****..]
Gold:   446        SH:  0    Dex: 16    Spells: 9/9 levels left

rFire    . . .     SeeInvis +   a - +0 trident
rCold    . . .     Faith    .   (shield currently unavailable)
rNeg     + . .     Spirit   .   b - +1 animal skin
rPois    .         Reflect  .   (helmet restricted)
rElec    .         Harm     .   n - scarf {shadows}
rCorr    .         Rampage  .   (gloves unavailable)
Will     +....                  (boots unavailable)
Stlth    ..........             (no amulet)
HPRegen  0.23/turn              A - ring of positive energy
MPRegen  0.12/turn              (no ring)

@: berserking (expiring), very quick
A: very small, no large weapons, unfitting armour, see invisible, speed 3
a: Renounce Religion, Berserk, Trog's Hand, Brothers in Arms


You were on level 8 of the Dungeon.
You worshipped Trog.
Trog was greatly pleased with you.
You visited 1 branch of the dungeon, and saw 9 of its levels.

You collected 446 gold pieces.

Inventory:

Hand Weapons
 a - a +0 trident (weapon)
 z - a +1 vampiric spear
Missiles
 h - 156 stones (quivered)
 j - 53 poisoned darts
Armour
 b - a +1 animal skin (worn)
 n - a scarf of shadows (worn)
Jewellery
 o - a ring of fire
 A - a ring of positive energy (left hand)
Wands
 f - a wand of flame (18)
 m - a wand of polymorph (9)
 p - a wand of paralysis (7)
 s - a wand of acid (7)
 t - a wand of iceblast (7)
Scrolls
 c - a scroll of immolation
 g - 3 scrolls of summoning
 k - 2 scrolls of blinking
 v - a scroll of teleportation
 w - a scroll of fog
 x - a scroll of identify
Potions
 d - 3 potions of lignification
 e - a potion of flight
 i - 5 potions of curing
 l - 2 potions of resistance
 q - a potion of haste
 r - a potion of mutation
 u - a potion of might
 B - a potion of attraction


   Skills:
 + Level 7.4 Fighting
 * Level 9.5 Polearms
 + Level 11.4 Dodging


You had 9 spell levels left.
You didn't know any spells.
Your spell library was empty.

Dungeon Overview and Level Annotations

Branches:
Dungeon (9/15)             Temple (0/1) D:4
   Lair: D:8-11         Orc: D:9-12

Altars:
Hepliaklqana
Kikubaaqudgha
Okawaru
Qazlal
Uskayaw
The Shining One

Shops:
D:5 =   D:9 =

Portals:
Abyss: D:5

Annotations:
D:5 2 transporters
D:7 1 runed translucent door, 1 exclusion, Crazy Yiuf


Innate Abilities, Weirdness & Mutations

You are very small and have problems with some larger weapons.
You are too small for most types of armour.
You have supernaturally acute eyesight. (SInv)
You cover ground extremely quickly. (Speed+++)


Message History

The manticore is in the way.
You puncture the manticore!
The manticore is almost dead.
Reach: a) +0 trident
Press: ? - help, Dir - move target, f/p - meliai
Aim: a meliai, wielding a +0 war axe and wearing a +0 ring mail (about 43% to evade your +0 trident)
The manticore is in the way.
You hit the manticore.
The manticore is almost dead.
The manticore misses you. The manticore claws you.
* * * LOW HITPOINT WARNING * * *
The manticore closely misses you.
Reach: a) +0 trident
Press: ? - help, Dir - move target, f/p - meliai
Aim: a meliai, wielding a +0 war axe and wearing a +0 ring mail (about 43% to evade your +0 trident)
The manticore is in the way.
You hit the manticore but do no damage.
The manticore is almost dead.
The meliai invokes the aid of its god against you.
Something smites you!
* * * LOW HITPOINT WARNING * * *
You are too berserk!
Reach: a) +0 trident
Press: ? - help, Dir - move target, f/p - meliai
Aim: a meliai, wielding a +0 war axe and wearing a +0 ring mail (about 43% to evade your +0 trident)
You reach to attack!
You puncture the meliai!
The meliai is moderately wounded.
The manticore bites you but does no damage.
The manticore claws you.
* * * LOW HITPOINT WARNING * * *
The manticore closely misses you.
Reach: a) +0 trident
Press: ? - help, Dir - move target, f/p - meliai
Aim: a meliai, wielding a +0 war axe and wearing a +0 ring mail (moderately wounded, about 43% to evade your +0 trident)
You reach to attack!
You hit the meliai.
The meliai is heavily wounded.
Reach: a) +0 trident
Press: ? - help, Dir - move target, f/p - meliai
Aim: a meliai, wielding a +0 war axe and wearing a +0 ring mail (heavily wounded, about 43% to evade your +0 trident)
You reach to attack!
You closely miss the meliai.
The meliai is heavily wounded.
The manticore bites you!
You die...

.....##....## #
#######.....#
.. ..
#####.##.# #.
#.....
#..#..#..
.....#
##.##...##.#..#
#..#...#.....#
#..##y##.....#
#...#H#.)....#
#...#@#......#
#....#)).....#
#....#.......#
#............#
#...###.(....#
#...# #......#
#...# ########
####


You could see a manticore and a meliai.

Vanquished Creatures
  3 two-headed ogres
  A slime creature (D:8)
  Prince Ribbit (D:6)
  5 yaks
  A wyvern (D:9)
  2 steam dragons
  Eustachio (D:6)
  Menkaure (D:6)
  Duvessa (D:6)
  A water moccasin (D:8)
  A sky beast (D:7)
  2 black bears
  6 orc warriors
  3 necrophages
  6 ogres
  A centaur (D:6)
  A kobold brigand (D:6)
  A phantom (D:4)
  A bullfrog (D:7)
  A scorpion (D:5)
  Dowan (D:6)
  A gnoll sergeant (D:7)
  A water moccasin skeleton (D:6)
  4 killer bees (D:7)
  4 wights (D:9)
  A bullfrog zombie (D:6)
  3 jellies
  A bullfrog skeleton (D:3)
  A hound (D:6)
  A centaur skeleton (D:6)
  6 orc priests
  5 orc wizards
  A killer bee zombie (D:9)
  A hound zombie (D:5)
  12 gnolls
  5 adders
  A white imp (D:6)
  4 worms
  2 dart slugs
  30 orcs
  8 ball pythons
  13 endoplasms
  2 giant cockroaches
  7 goblins
  7 hobgoblins
  4 quokkas
  A bat (D:3)
  5 frilled lizards
  8 kobolds
  9 rats
189 creatures vanquished.

Vanquished Creatures (collateral kills)
  A worm (D:3)
1 creature vanquished.

Grand Total: 190 creatures vanquished

Notes
Turn   | Place    | Note
-------+----------+-------------------------------------------
     0 | D:1      | toffzen the Spriggan Berserker began the quest for the Orb.
     0 | D:1      | Reached XP level 1. HP: 11/11 MP: 2/2
   386 | D:1      | Reached XP level 2. HP: 16/16 MP: 3/3
  1133 | D:2      | Reached XP level 3. HP: 19/19 MP: 4/4
  1202 | D:2      | Noticed a necrophage
  1212 | D:2      | Killed a necrophage
  1213 | D:2      | Reached skill level 5 in Dodging
  1213 | D:2      | Reached XP level 4. HP: 24/24 MP: 5/5
  1305 | D:2      | Found a faded altar of an unknown god.
  1374 | D:2      | Reached ** piety under Trog
  1643 | D:2      | Reached XP level 5. HP: 23/28 MP: 6/6
  2870 | D:4      | Noticed a phantom
  2888 | D:4      | Killed a phantom
  2889 | D:4      | Reached XP level 6. HP: 22/32 MP: 7/7
  3113 | D:4      | Found a glowing golden altar of the Shining One.
  3322 | D:4      | Found a hide-covered altar of Uskayaw.
  3480 | D:4      | Reached skill level 6 in Dodging
  3587 | D:4      | Reached *** piety under Trog
  3904 | D:4      | Found a staircase to the Ecumenical Temple.
  4077 | D:4      | Reached XP level 7. HP: 37/37 MP: 8/8
  4306 | D:5      | Entered Level 5 of the Dungeon
  4645 | D:5      | Noticed an ancient zyme
  4650 | D:5      | Found a transporter.
  4656 | D:5      | Found a one-way gate to the infinite horrors of the Abyss.
  4679 | D:5      | Found a transporter.
  4751 | D:5      | Noticed a two-headed ogre
  4982 | D:5      | Reached skill level 5 in Polearms
  5182 | D:5      | Found Ebel's Jewellery Emporium.
  5509 | D:5      | Reached skill level 7 in Dodging
  5627 | D:5      | Killed a two-headed ogre
  5628 | D:5      | Reached skill level 5 in Fighting
  5628 | D:5      | Reached skill level 8 in Dodging
  5628 | D:5      | Reached XP level 8. HP: 18/43 MP: 9/9
  6122 | D:5      | Found an ancient bone altar of Kikubaaqudgha.
  6400 | D:6      | Noticed Prince Ribbit
  6526 | D:6      | Noticed Menkaure
  6531 | D:6      | Killed Menkaure
  6939 | D:6      | Killed Prince Ribbit
  6940 | D:6      | Reached XP level 9. HP: 47/47 MP: 10/10
  7098 | D:6      | Found a stormy altar of Qazlal.
  7104 | D:6      | Noticed Eustachio
  7122 | D:6      | Noticed Dowan
  7124 | D:6      | Killed Eustachio
  7125 | D:6      | Reached skill level 9 in Dodging
  7393 | D:6      | Noticed Duvessa
  7410 | D:6      | Killed Duvessa
  7417 | D:6      | Killed Dowan
  7646 | D:6      | You fall into a shaft and drop 3 floors!
  7646 | D:9      | Found Ofat's Jewellery Boutique.
  8210 | D:9      | Reached skill level 10 in Dodging
  8724 | D:8      | Reached XP level 10. HP: 53/53 MP: 11/11
  9082 | D:8      | Noticed a two-headed ogre
  9787 | D:7      | Reached **** piety under Trog
 10726 | D:7      | Found a runed translucent door.
 10727 | D:7      | Noticed Crazy Yiuf
 11169 | D:8      | Found an iron altar of Okawaru.
 11437 | D:8      | Found a hazy altar of Hepliaklqana.
 11463 | D:8      | Killed a two-headed ogre
 11464 | D:8      | Reached skill level 11 in Dodging
 11651 | D:8      | Noticed a two-headed ogre
 11685 | D:8      | Killed a two-headed ogre
 11830 | D:8      | Noticed a manticore
 11843 | D:8      | Slain by a manticore

Illustrated notes

Levels and vault maps discovered:
D:1:      dpeg_chamrin_arrival_tetris, layout_basic
D:2:      layout_loops_cross, hellmonk_ecumenical_altar_run_dry,
          minmay_stone_trees_small
D:3:      layout_rooms
D:4:      layout_cave_pools, eat_drink_and_be_merry_uskayaw,
          mainiacjoe_overflow_chevrons, minmay_temple_entry_ruins
D:5:      layout_basic, mainiacjoe_overflow_surrounded_room, serial_shops,
          nicolae_shop_statue_plus, gammafunk_ghost_abyssal_escape,
          serial_rivers, chequers_serial_rivers_micro_b,
          chequers_serial_rivers_micro_d, chequers_serial_rivers_micro_a,
          chequers_serial_rivers_small_3, kennysheep_generic_room_13
D:6:      layout_basic, mainiacjoe_overflow_brackets, uniq_menkaure,
          uniq_prince_ribbit1, uniq_eustachio, uniq_duvessa
D:7:      layout_loops_corners, uniq_crazy_yiuf_cottage
D:8:      minmay_the_grid_four_pointed_star
          [minmay_the_grid_triangle_9x9_limited_checkers,
          minmay_the_grid_triangle_9x9_sparse_checkered,
          minmay_the_grid_triangle_9x9_corrupted_corridor,
          minmay_the_grid_triangle_9x9_sprig,
          minmay_the_grid_prize_inner_circle], layout_rooms,
          nzn_hepliaklqana_mist_gate, okawaru_trees_2
D:9:      layout_basic, serial_shops, shop, grunt_ministairs_8

Skill      XL: |  1  2  3  4  5  6  7  8  9 10 |
---------------+-------------------------------+-----
Fighting       | 3 5 6 7 |  7.4
Polearms       | 3 4 6 8 9 |  9.5
Dodging        | 5 6 8 10 11 | 11.4

Action                   |  1- 3 |  4- 6 |  7- 9 | 10-12 || total
-------------------------+-------+-------+-------+-------++-------
Melee: Spear             |    58 |   196 |       |       ||   254
       Trident           |       |    59 |   258 |   209 ||   526
Invok: Berserk           |     7 |    11 |    26 |    20 ||    64
       Trog's Hand       |       |       |     2 |     1 ||     3
  Use: Scroll            |       |     5 |    12 |     3 ||    20
 Stab: Sleeping          |     4 |     4 |     1 |       ||     9
       Distracted        |       |       |     2 |       ||     2
Armor: Animal skin       |     1 |    14 |    17 |    11 ||    43
Dodge: Dodged            |    14 |   150 |   161 |   139 ||   464
